Map: Tours du crépuscule

Players

SnOOoPy

  • Race: Terran Terran
  • League: Diamond

Worming - Winner!

  • Race: Zerg Zerg
  • League: Diamond

VOD

Have the link to the VOD?

Description

Time

  • Played on: Dec. 17, 2015, 12:17 p.m.
  • Length: 14:22
Show
View Real Time Build Order
Export as new Build Order

SnOOoPy Terran 

Build Orders: Reaper Expand, MMM Bio 

Get SALT Encoding   

  12  0:01  SCV  
  13  0:13  SCV  
  14  0:17  Supply Depot  
  14  0:25  SCV  
  15  0:39  SCV  
  15  0:41  Barracks  
  16  0:46  Refinery  
  16  0:51  SCV  
  17  1:03  SCV  
  18  1:15  SCV  
  19  1:32  Reaper  
  20  1:33  Orbital Command  
  20  1:45  Command Center  
  20  1:59  Supply Depot, SCV  
  21  2:04  Reaper  
  22  2:13  SCV  
  23  2:24  Factory  
  23  2:25  SCV  
  24  2:37  SCV  
  24  2:42  Barracks Reactor  
  25  2:47  Barracks  
  25  2:49  Barracks  
  25  2:56  SCV  
  26  3:05  Orbital Command  
  26  3:08  SCV  
  27  3:22  SCV  
  27  3:26  Barracks Tech Lab  
  28  3:34  SCV  
  28  3:35  Marine  
  28  3:38  Hellion x2, Barracks Reactor  
  28  3:39  SCV  
  34  3:46  SCV  
  34  3:48  Stimpack, Marine  
  35  3:51  SCV  
  37  3:55  Supply Depot  
  37  3:57  Bunker  
  37  3:58  SCV  
  38  4:03  Hellion, SCV  
  38  4:04  Hellion  
  43  4:10  SCV  
  43  4:12  Marauder  
  43  4:14  Barracks Tech Lab  
  46  4:17  SCV, Marine x2  
  46  4:21  Supply Depot  
  46  4:23  SCV  
  50  4:26  Refinery, Hellion  
  50  4:27  Hellion  
  54  4:32  Supply Depot  
  54  4:34  Concussive Shells  
  54  4:42  Marine x2  
  54  4:43  Marauder, SCV x2  
  54  4:44  Marauder  
  62  4:47  Supply Depot  
  62  4:55  SCV x2  
  62  4:56  Refinery  
  62  4:58  Hellion  
  62  4:59  Hellion  
  68  5:01  Marine x2  
  70  5:14  Armory  
  70  5:15  Marauder  
  70  5:16  Marauder  
  74  5:23  Marine x2  
  74  5:24  Hellion  
  78  5:31  Supply Depot  
  78  5:34  Combat Shields, Supply Depot  
  78  5:51  Marine  
  78  5:52  Supply Depot  
  78  5:53  Hellion, SCV x2, Marauder, Marine  
  78  5:56  Marauder  
  87  6:09  Hellion  
  89  6:12  Marine x2  
  87  6:21  Marine x2  
  89  6:26  Starport  
  89  6:28  Engineering Bay  
  89  6:30  Engineering Bay, SCV x2  
  91  6:41  Supply Depot  
  91  6:42  SCV x2  
  91  6:43  Supply Depot  
  88  6:56  Marauder x2, Marine x2  
  78  7:10  SCV x2  
  80  7:22  SCV x2  
  76  7:29  Marine  
  72  7:30  Marauder x2, Marine  
  72  7:31  Terran Infantry Weapons Level 1, Terran Infantry Armor Level 1  
  72  7:33  Hellion  
  72  7:34  Hellion  
  72  7:35  SCV x2  
  81  7:38  Starport Reactor  
  74  7:47  SCV  
  74  7:50  Marine x2  
  69  7:55  Marauder  
  69  7:56  Marauder  
  69  7:57  Hellion  
  75  8:00  SCV  
  75  8:01  Command Center  
  76  8:10  Marine x2  
  78  8:15  Medivac x2  
  78  8:17  Marauder  
  78  8:18  Marauder  
  86  8:23  Hellion x2  
  90  8:34  Marine x2  
  90  8:37  Barracks x2  
  89  8:48  Medivac x2  
  89  8:51  Marauder x2  
  89  8:52  Hellion x2  
  101  8:57  Refinery  
  101  8:58  Supply Depot  
  101  9:01  Marine x2  
  103  9:11  SCV x2  
  103  9:15  Orbital Command  
  107  9:17  Hellion x2, Marauder  
  107  9:18  Medivac  
  107  9:19  Bunker  
  107  9:20  Marine  
  107  9:23  SCV  
  114  9:24  Marine  
  114  9:27  Barracks Reactor  
  114  9:28  Barracks Reactor  
  115  9:35  Marauder  
  115  9:38  Marine  
  118  9:39  Hellion x2  
  122  9:52  Marine x2  
  124  9:55  Marine  
  124  9:56  Marine  
  124  9:57  Terran Infantry Weapons Level 2, Terran Infantry Armor Level 2  
  124  9:58  Orbital Command  
  126  10:05  Marine x3  
  114  10:18  Marine x3  
  114  10:19  Marauder x2  
  118  10:25  SCV x2  
  118  10:26  SCV  
  118  10:27  Marine  
  122  10:31  Marine  
  115  10:59  Marine  
  115  11:00  Marine x2  
  115  11:01  Marine x2, Marauder x2  
  123  11:04  Hellion  
  123  11:05  Medivac x2, Hellion  
  125  11:22  Marauder  
  125  11:23  Marine x3, Marauder  
  131  11:26  Hellion  
  128  11:33  Marine  
  128  11:34  Marine x2  
  128  11:38  SCV  
  128  11:39  SCV x2  
  134  11:42  Command Center, Marine x2  
  134  11:43  Medivac x2  
  134  11:44  Terran Vehicle Weapons Level 1  
  134  11:46  Supply Depot  
  140  11:51  SCV  
  140  11:52  Supply Depot  
  140  11:53  Supply Depot  
  141  11:58  Factory  
  141  12:07  Marine x4  
  141  12:08  Marauder x2  
  149  12:14  Marine x2  
  149  12:15  Medivac x2  
  155  12:18  Supply Depot  
  155  12:20  Supply Depot  
  155  12:32  Marauder x2, Marine x4  
  155  12:33  Marine  
  162  12:53  Marauder  
  124  13:01  Marine  
  124  13:02  Marine x3, Marauder  
  124  13:08  Factory Tech Lab  
  124  13:10  Marine  
  110  13:15  Marauder  
  96  13:25  Marine x4  
  82  13:34  Marine  
  82  13:36  Marine x2, Marauder  
  83  13:43  Marine x3  
  78  13:54  Marine x2  
  78  13:55  Marine  
Show
View Real Time Build Order
Export as new Build Order

Worming Zerg - Winner!

Build Orders: Hatch First 

Get SALT Encoding   

  12  0:00  Drone  
  13  0:12  Overlord  
  13  0:17  Drone  
  14  0:31  Drone x2  
  14  0:34  Drone  
  17  0:56  Drone  
  18  0:58  Hatchery  
  18  1:02  Drone  
  18  1:05  Extractor  
  17  1:18  Drone  
  18  1:19  Spawning Pool  
  18  1:21  Drone  
  18  1:33  Drone  
  19  1:46  Overlord  
  19  1:59  Drone  
  20  2:07  Queen  
  20  2:08  Metabolic Boost, Zergling x2  
  23  2:10  Queen  
  23  2:11  Zergling x2  
  26  2:23  Drone x3  
  29  2:35  Drone x2  
  31  2:45  Queen  
  33  2:52  Drone x2  
  33  2:55  Roach Warren  
  34  3:00  Drone x2  
  36  3:10  Overlord  
  36  3:12  Overlord  
  36  3:29  Zergling x12  
  42  3:46  Hatchery  
  41  3:49  Drone x7  
  48  3:56  Evolution Chamber  
  48  3:58  Evolution Chamber  
  46  4:11  Drone x5  
  51  4:31  Extractor  
  51  4:32  Extractor  
  51  4:33  Drone x2  
  51  4:34  Drone  
  51  4:35  Overlord x2  
  51  4:36  Overlord  
  52  4:39  Zerg Melee Weapons Level 1, Zerg Ground Armor Level 1  
  52  4:41  Lair  
  52  4:55  Drone  
  52  4:56  Drone x2  
  52  4:57  Overlord  
  55  5:10  Drone x3  
  55  5:11  Extractor  
  57  5:18  Baneling Nest  
  56  5:24  Overlord x2  
  56  5:29  Drone x10  
  66  5:37  Drone  
  67  5:46  Overlord  
  66  5:58  Roach  
  66  5:59  Roach x6  
  76  6:13  Roach x7  
  76  6:14  Roach x2  
  93  6:23  Zergling x2  
  93  6:24  Zergling x6  
  95  6:27  Centrifical Hooks  
  95  6:33  Queen, Infestation Pit  
  95  6:34  Extractor  
  95  6:36  Drone x3  
  95  6:39  Extractor  
  97  6:40  Drone x2  
  97  6:42  Drone, Overlord x2  
  90  6:57  Zergling x16  
  84  7:07  Zergling x4  
  76  7:13  Roach  
  76  7:14  Roach x5  
  71  7:25  Roach  
  71  7:26  Roach x2  
  74  7:40  Drone x9  
  77  7:52  Drone x6  
  83  8:00  Overlord  
  83  8:10  Pathogen Glands, Zerg Melee Weapons Level 2, Zerg Ground Armor Level 2  
  83  8:12  Hive  
  83  8:16  Drone x2  
  83  8:17  Drone  
  86  8:21  Spine Crawler x2  
  86  8:22  Burrow  
  84  8:31  Ravager  
  84  8:32  Ravager  
  86  8:35  Drone x4  
  86  8:37  Drone x2  
  92  8:45  Zergling x20  
  86  8:54  Hatchery  
  83  8:56  Overlord  
  83  8:57  Zergling x2  
  83  8:58  Zergling x4  
  86  9:04  Baneling x10  
  86  9:05  Baneling, Infestor  
  86  9:06  Infestor x2  
  91  9:25  Zergling x18  
  100  9:33  Roach x3  
  100  9:36  Baneling x5  
  100  9:38  Zergling x12  
  111  9:46  Roach x5  
  121  9:56  Overlord x2  
  121  10:01  Ultralisk Cavern, Adrenal Glands  
  121  10:03  Hatchery  
  106  10:20  Queen  
  108  10:21  Pneumatized Carapace  
  108  10:27  Zerg Melee Weapons Level 3  
  108  10:28  Zerg Ground Armor Level 3  
  108  10:29  Zergling x2  
  108  10:30  Zergling x20  
  119  10:42  Spine Crawler  
  107  10:54  Drone x5  
  99  11:04  Spore Crawler  
  96  11:24  Ultralisk  
  96  11:25  Ultralisk x4  
  117  11:26  Chitinous Plating  
  112  11:43  Spore Crawler  
  111  11:47  Drone x3  
  111  11:48  Drone x4  
  111  11:52  Overlord  
  111  11:54  Queen  
  118  11:55  Spore Crawler  
  119  12:15  Ultralisk x3  
  134  12:47  Ultralisk  
  134  12:48  Zergling x18, Ultralisk  
  154  13:04  Roach  
  154  13:05  Roach x2, Ultralisk  
  166  13:11  Infestor x2  
  164  13:26  Infestor  
  164  13:27  Infestor  
  157  13:29  Zergling x10  
  157  13:30  Zergling x2  
  157  13:31  Zergling x14  
  157  13:32  Overlord  
  157  13:33  Overlord x3  
  168  13:40  Spire  
  160  13:56  Drone x2  
  160  13:57  Drone  
  163  14:05  Extractor  
  163  14:07  Extractor  
Tags
 
Add a new tag
Caveats
  • Supply blocks, unpowered buildings, or Contaminate may cause inaccurate times.
  • Supply counts are checked every 10 seconds.